 Dungeon Crawl Stone Soup version 0.31.0-4-g52a2dc7128 (console) character file.

Game seed: 13011731585049530894

387 AlterAsc the Changeling (level 6, -1/42 HPs)
             Began as an Octopode Shapeshifter on Jan 21, 2024.
             Slain by a gnoll
             ... wielding a +0 spear
              (5 damage)
             ... on level 3 of the Dungeon.
             The game lasted 00:07:55 (2966 turns).

AlterAsc the Changeling (Octopode Shapeshifter)     Turns: 2966, Time: 00:07:56

Health: -1/42      AC:  1    Str: 14    XL:     6   Next: 78%
Magic:  6/6        EV: 14    Int: 12    God:
Gold:   144        SH:  0    Dex: 13    Spells: 5/5 levels left

rFire   . .          .
                       - Unarmed
rCold   . . .        (no shield)
rNeg    . . .        (helmet currently unavailable)
rPois   .            (no amulet)
rElec   .            (no ring)
rCorr   .            (no ring)
SInv    .            (no ring)
Will    .....        (no ring)
Stlth   ++           (no ring)
HPRegen 0.27/turn    (no ring)
MPRegen 0.10/turn    (no ring)
                     (no ring)

%: no passive effects
@: beast-form
A: beast (slay +2), almost no armour, amphibious, 8 rings, camouflage 1,
gelatinous body 1, (nimble swimmer 1), tentacles
a: Begin Untransformation


You were on level 3 of the Dungeon.
You were a hulking beast.
You visited 1 branch of the dungeon, and saw 3 of its levels.
You also visited: Sewer.

You collected 144 gold pieces.

Inventory:

Missiles
 f - 27 stones
 j - 6 javelins (quivered)
 y - 2 poisoned darts
Jewellery
 p - a ring of fire
Talismans
 b - a beast talisman
 c - a flux talisman
Scrolls
 d - 4 scrolls of teleportation {unknown}
 g - 2 scrolls of identify {unknown}
 h - a scroll of fog {unknown}
 l - a scroll of acquirement {unknown}
 n - a scroll of revelation {unknown}
 o - a scroll of brand weapon {unknown}
 q - 2 scrolls of enchant weapon {unknown}
 s - a scroll of poison {unknown}
 v - a scroll of noise {unknown}
Potions
 a - 2 potions of lignification
 e - 3 potions of might {unknown}
 i - 2 potions of invisibility {unknown}
 k - a potion of degeneration {unknown}
 m - a potion of heal wounds {unknown}
 r - a potion of enlightenment {unknown}
 t - a potion of mutation {unknown}
 u - 2 potions of cancellation {unknown}
 w - a potion of haste {unknown}
 x - 2 potions of resistance {unknown}


   Skills:
 - Level 3.0 Fighting
 - Level 3.3 Dodging
 - Level 4.0 Unarmed Combat
 * Level 5.2 Shapeshifting


You had 5 spell levels left.
You didn't know any spells.
Your spell library contained the following spells:

 Spells                   Type           Power      Damage    Failure   Level
 Ensorcelled Hibernation  Hex/Ice        0%         N/A       45%         2
 Passwall                 Erth           0%         N/A       69%         3
 Swiftness                Air            0%         N/A       69%         3


Dungeon Overview and Level Annotations

Branches:
Dungeon (3/15)              Sewer (visited)

Altars:
Sif Muna

Annotations:
D:3 1 runed translucent door, AlterAsc's ghost, amateur SpSh


Innate Abilities, Weirdness & Mutations

You are a hulking beast.
Your limbs bulge with bestial killing power. (Slay +2)
You cannot wear most types of armour.
You are amphibious.
You can wear up to eight rings at the same time.
Your skin changes colour to match your surroundings (Stealth+).
Your rubbery body absorbs attacks. (AC +1, EV +1)
((You are camouflaged when in or above water. (Stealth+)))
You have tentacles for arms and can constrict up to eight enemies at once.


Message History

The gnoll hits you from afar with a +0 spear!
The gnoll attacks as it pursues you! The gnoll completely misses you.
The gnoll attacks as it pursues you!
The gnoll hits you from afar with a +0 spear!
* * * LOW HITPOINT WARNING * * *
Okay, then.
You see here a +0 robe.
Found 10 gold pieces.
Found a runed translucent door.
The ribbon worm closely misses you.
The ribbon worm expels a string of sticky webbing.
The stream of webbing hits you but does no damage.
You are caught in a web!
There is a web here.
You struggle to detach yourself from the web.
You struggle to detach yourself from the web.
The gnoll hits you from afar with a +0 spear!
The ribbon worm bites you.
You struggle to detach yourself from the web.
The gnoll hits you from afar with a +0 spear.
The web tears apart.
The gnoll shouts!
The ribbon worm bites you.
The gnoll hits you from afar with a +0 spear!
* * * LOW HITPOINT WARNING * * *
Okay, then.
The ribbon worm attacks as it pursues you!
The ribbon worm closely misses you.
The rat squeaks loudly.
The ribbon worm expels a string of sticky webbing.
The stream of webbing misses you. The rat closely misses you.
The rat barely misses you. The rat attacks as it pursues you!
The rat bites you but does no damage. The gnoll attacks as it pursues you!
The gnoll hits you from afar with a +0 spear.
* * * LOW HITPOINT WARNING * * *
The rat attacks as it pursues you! The rat closely misses you.
The gnoll attacks as it pursues you!
The gnoll hits you from afar with a +0 spear.
You die... w

##...≈≈≈≈≈...## #...≈≈...≈≈...#
#...≈≈.>)≈≈...# .........#
#...≈≈...≈≈...# ..........#
##...≈≈≈≈≈...## ...........#
#....≈≈≈....# #.............#
##.........## #.............#
###.......## ..............#
#.###...###
#.............######...#._.#
#...........g.grh..#...#...######
#.............####.....#####.....
#..........w..# ##.....#########
#.............# #.#............
####....g###### #...#####......
.........# #...###...####.
.........# #....>.........
.......### ###### #.#.##########.
.......# #....# #.#.# #.....
.......# #....# #.#.. ......#.
...##### #....###.#### ###.#.#.


You could see a ribbon worm, 2 gnolls and a rat.

Vanquished Creatures
  4 jellies (Sewer)
  An orc priest (D:2)
  Jessica (D:3)
  Natasha (twice) (D:2)
  7 adders
  A river rat (Sewer)
  3 dart slugs (D:2)
  2 ribbon worms
  7 orcs
  8 ball pythons
  11 endoplasms
  6 giant cockroaches
  3 goblins
  2 hobgoblins
  4 jackals (D:1)
  5 kobolds
  3 quokkas
  4 frilled lizards
  6 rats
80 creatures vanquished.

Notes
Turn   | Place    | Note
-------+----------+-------------------------------------------
     0 | D:1      | AlterAsc the Octopode Shapeshifter began the quest for the
                  | Orb.
     0 | D:1      | Reached XP level 1. HP: 13/13 MP: 1/1
   309 | D:1      | Reached XP level 2. HP: 18/18 MP: 2/2
   779 | D:2      | Reached XP level 3. HP: 15/23 MP: 3/3
   987 | D:2      | Found a faded altar of an unknown god.
  1088 | D:2      | Reached XP level 4. HP: 23/29 MP: 4/4
  1519 | D:2      | Noticed Natasha
  1531 | D:2      | Killed Natasha
  1589 | D:2      | Noticed Natasha
  1626 | D:2      | Killed Natasha
  1628 | D:2      | Reached XP level 5. HP: 34/34 MP: 5/5
  1972 | D:3      | Reached skill level 4 in Shapeshifting
  2220 | D:3      | Noticed Jessica
  2230 | D:3      | Killed Jessica
  2231 | D:3      | Found a shimmering blue altar of Sif Muna.
  2386 | D:3      | Found a glowing drain.
  2393 | Sewer    | Entered a sewer
  2477 | Sewer    | Reached XP level 6. HP: 28/41 MP: 6/6
  2622 | Sewer    | Found a viscous altar of Jiyva.
  2632 | Sewer    | Reached skill level 5 in Shapeshifting
  2938 | D:3      | Found a runed translucent door.
  2938 | D:3      | Noticed AlterAsc's ghost (amateur SpSh)
  2966 | D:3      | Slain by a gnoll

Illustrated notes

Levels and vault maps discovered:
D:1:      roderic_octagonal_star, layout_basic
D:2:      layout_basic, shapermc_ecumenical_altar_mp_urbaneastern, nrook_uturn,
          kennysheep_another_room, uniq_natasha
D:3:      layout_basic, tgw_sif, nicolae_ru_great_annihilating_truth,
          gammafunk_ghost_grave, mainiacjoe_sewer_entry_somewhere_in_here_1

Skill      XL: |  1  2  3  4  5  6 |
---------------+-------------------+-----
Fighting       | 2 3 |  3.0
Dodging        | 3 |  3.3
Shapeshifting  | 4 5 |  5.2
Unarmed Combat | 4 |  4.0

Action                     |  1- 3 |  4- 6 || total
---------------------------+-------+-------++-------
  Melee: Unarmed           |    43 |   108 ||   151
         Constrict         |    14 |    26 ||    40
         Tentacles         |     8 |    31 ||    39
         Punch             |     2 |     1 ||     3
   Stab: Sleeping          |     5 |     4 ||     9
         Distracted        |       |     2 ||     2
 Armour: Skin              |    16 |    52 ||    68
  Dodge: Dodged            |    27 |    60 ||    87
